Map: Nightshade LE

Players

INnoVation - Winner!

  • Race: Terran Terran
  • League: Grandmaster
  • Spawn Location: 11:00

soO

  • Race: Zerg Zerg
  • Spawn Location: 5:00

Event: Shopify TSL 5

VOD

Have the link to the VOD?

Description

Time

  • Played on: May 17, 2020, 10:14 a.m.
  • Length: 10:58

All games in this series

Show
View Real Time Build Order
Export as new Build Order

INnoVation Terran - Winner!

Build Orders: Liberator Opening, Reaper Expand 

Get SALT Encoding   

  12  0:00  SCV  
  13  0:12  SCV  
  14  0:17  Supply Depot  
  14  0:24  SCV  
  15  0:38  SCV  
  15  0:40  Barracks  
  16  0:43  Refinery  
  16  0:50  SCV  
  17  1:02  SCV  
  18  1:15  SCV  
  19  1:27  Reaper, Orbital Command  
  20  1:38  Command Center  
  20  1:49  Supply Depot  
  20  1:52  SCV  
  21  1:58  Marine  
  22  2:04  SCV  
  22  2:07  Factory  
  23  2:12  Refinery  
  23  2:16  SCV  
  23  2:20  Barracks Reactor  
  24  2:28  SCV  
  25  2:40  SCV  
  25  2:51  Orbital Command  
  26  2:52  Starport  
  26  2:53  SCV  
  31  2:58  Hellion x2  
  31  3:02  Barracks Tech Lab  
  31  3:05  SCV  
  32  3:14  Supply Depot  
  32  3:17  SCV x2  
  36  3:20  Hellion x2  
  38  3:28  Liberator  
  38  3:32  SCV x2  
  43  3:38  Supply Depot  
  45  3:41  Hellion x2  
  45  3:45  Stimpack  
  45  3:46  SCV  
  45  3:47  SCV  
  49  3:58  SCV  
  49  3:59  SCV  
  51  4:04  Hellion x2  
  51  4:06  Supply Depot  
  55  4:10  SCV  
  55  4:11  SCV  
  55  4:13  Liberator  
  60  4:22  SCV  
  60  4:23  SCV  
  62  4:32  Command Center  
  62  4:35  SCV x2  
  64  4:38  Supply Depot  
  64  4:39  Factory Reactor  
  64  4:44  Barracks x2  
  64  4:50  SCV x2, Marine  
  67  4:58  Starport Reactor  
  67  4:59  Engineering Bay  
  63  5:00  Engineering Bay  
  63  5:02  SCV x2  
  64  5:08  Marine  
  64  5:11  Refinery x2  
  63  5:14  SCV x2  
  55  5:26  SCV x2, Terran Infantry Weapons Level 1, Marine, Terran Infantry Armor Level 1  
  58  5:33  Combat Shield, Marine x2  
  64  5:38  SCV  
  64  5:39  SCV  
  64  5:41  Factory Reactor  
  59  5:46  Orbital Command  
  59  5:48  Marine x3  
  62  5:50  SCV  
  62  5:51  SCV, Medivac, Marine x2  
  62  5:55  Medivac  
  70  6:03  SCV x2  
  72  6:05  Barracks  
  72  6:06  Orbital Command  
  72  6:07  Marine x3  
  72  6:08  Barracks  
  72  6:09  Marine  
  73  6:15  SCV x2  
  73  6:18  Supply Depot  
  75  6:19  Widow Mine x2  
  75  6:24  Marine x2  
  75  6:25  Armory, Marine  
  82  6:30  SCV  
  82  6:31  SCV x2  
  85  6:33  Medivac x2  
  85  6:35  Marine x2  
  91  6:41  Marine  
  91  6:43  Supply Depot, Widow Mine  
  91  6:44  Supply Depot, Widow Mine, Marine x2  
  98  6:48  SCV x2  
  98  6:49  SCV  
  101  6:59  Supply Depot  
  101  7:01  Barracks Reactor, Supply Depot  
  101  7:02  Barracks Reactor  
  101  7:05  SCV x2, Marine x5  
  108  7:10  Widow Mine  
  108  7:11  Widow Mine  
  110  7:21  Terran Infantry Armor Level 2, Terran Infantry Weapons Level 2  
  110  7:22  Marine  
  110  7:23  Barracks  
  110  7:25  Marine x3  
  110  7:26  Marine, Barracks  
  110  7:27  Barracks  
  115  7:32  Refinery, Widow Mine  
  115  7:33  Widow Mine  
  115  7:35  SCV x2  
  115  7:36  SCV  
  122  7:40  Medivac, Marine  
  122  7:41  Medivac  
  127  7:48  Marine  
  127  7:49  Marine x5  
  133  7:52  Marine x2  
  133  7:57  Widow Mine x2  
  132  7:59  Supply Depot  
  132  8:00  Supply Depot  
  132  8:05  Supply Depot  
  132  8:12  Barracks Tech Lab  
  129  8:13  Barracks Reactor, Marauder  
  129  8:14  Barracks Reactor, Marine  
  129  8:15  Marine  
  129  8:18  Concussive Shells  
  133  8:21  Marine x6  
  133  8:22  Widow Mine x2  
  133  8:25  Medivac x2  
  147  8:27  Supply Depot  
  147  8:30  Supply Depot  
  147  8:35  Marauder x2, Marine  
  148  8:41  Marine x3  
  148  8:42  Marine x3  
  148  8:44  Widow Mine x2  
  146  8:53  Marine x3  
  131  8:55  Marine  
  131  8:56  Marauder x2  
  138  9:05  Widow Mine  
  138  9:06  Widow Mine  
  141  9:12  Liberator  
  141  9:13  Marine, Liberator  
  141  9:14  Marine x4  
  141  9:17  Marine x3  
  148  9:18  Marauder x2  
  148  9:19  Marine  
  148  9:20  Marine  
  155  9:29  Widow Mine x2  
  158  9:31  Marine x5  
  163  9:39  Marauder x2  
  155  9:55  Marine x3  
  155  9:56  Marine  
  155  9:58  Medivac  
  154  10:01  Marauder x2  
  154  10:06  Marine x5  
  154  10:07  Marine x2  
  163  10:09  Widow Mine  
  163  10:10  Widow Mine  
  163  10:12  Marine  
  166  10:22  Marauder x2  
  166  10:23  Marine x4  
  166  10:24  Marine x2  
  173  10:29  Marine x3  
Show
View Real Time Build Order
Export as new Build Order

soO Zerg 

Build Orders: Hatch First 

Get SALT Encoding   

  12  0:01  Drone  
  13  0:12  Overlord  
  13  0:16  Drone  
  14  0:30  Drone x2  
  16  0:48  Hatchery  
  15  0:51  Drone  
  15  0:54  Drone  
  17  0:57  Drone  
  18  1:08  Extractor  
  17  1:12  Spawning Pool  
  17  1:15  Drone  
  17  1:19  Drone  
  18  1:27  Drone  
  19  1:38  Drone  
  20  1:48  Overlord  
  20  1:59  Queen x2  
  20  2:00  Zergling x4  
  26  2:10  Drone  
  26  2:11  Drone  
  28  2:21  Metabolic Boost  
  28  2:22  Drone x2  
  30  2:33  Hatchery  
  30  2:35  Drone  
  30  2:43  Queen  
  32  2:47  Overlord  
  32  2:49  Drone  
  33  2:52  Drone  
  33  2:55  Drone  
  33  2:56  Drone  
  36  3:08  Drone x2  
  36  3:09  Drone  
  36  3:10  Drone x2  
  41  3:18  Overlord  
  41  3:19  Queen  
  43  3:25  Drone  
  44  3:36  Overlord  
  44  3:38  Drone x2  
  44  3:41  Drone x2  
  47  3:45  Overlord, Queen, Drone  
  47  3:46  Drone  
  52  3:51  Drone  
  52  3:55  Drone  
  54  3:56  Queen, Drone  
  54  3:58  Drone x2  
  59  4:06  Zergling x2  
  59  4:07  Zergling x4  
  62  4:11  Drone  
  62  4:12  Extractor  
  62  4:13  Drone  
  63  4:18  Evolution Chamber x2  
  63  4:19  Drone x2  
  63  4:20  Overlord  
  63  4:25  Drone x2  
  63  4:26  Drone  
  63  4:30  Zergling x2  
  63  4:31  Zergling x4  
  68  4:33  Queen  
  68  4:36  Spore Crawler  
  68  4:38  Spore Crawler  
  68  4:44  Zerg Ground Armor Level 1  
  68  4:45  Zerg Melee Weapons Level 1  
  68  4:49  Zergling x8  
  68  4:51  Zergling x6  
  68  5:01  Zergling x6  
  61  5:15  Drone x4  
  61  5:17  Drone x2  
  67  5:22  Drone x2  
  67  5:26  Drone x2  
  71  5:29  Drone  
  71  5:30  Drone x2  
  71  5:33  Drone  
  74  5:35  Overlord  
  70  5:44  Drone x2  
  72  5:51  Lair  
  72  5:55  Drone x3  
  75  6:04  Drone x3, Baneling Nest  
  77  6:07  Drone  
  78  6:11  Drone x5  
  78  6:16  Drone  
  83  6:18  Extractor  
  83  6:19  Extractor  
  83  6:21  Drone x4  
  83  6:22  Drone  
  86  6:32  Hatchery  
  85  6:34  Hatchery  
  84  6:41  Zergling x10  
  84  6:44  Overlord  
  89  6:48  Overlord  
  89  6:49  Centrifical Hooks  
  89  6:51  Overlord  
  89  6:52  Overlord  
  89  6:58  Overlord  
  89  6:59  Overlord, Baneling x5  
  89  7:01  Overlord  
  89  7:04  Zerg Melee Weapons Level 2  
  89  7:09  Zergling x10  
  91  7:16  Zerg Ground Armor Level 2  
  91  7:17  Zergling x2  
  91  7:18  Zergling x6  
  91  7:19  Overseer  
  91  7:22  Zergling x6  
  98  7:25  Drone x2  
  100  7:31  Zergling x12  
  106  7:37  Drone x2  
  108  7:45  Zergling x2  
  108  7:46  Zergling x4  
  108  7:49  Zergling x10  
  109  8:01  Baneling x3  
  109  8:02  Drone, Baneling x3  
  109  8:03  Zergling x2, Drone x3  
  109  8:04  Zergling x4  
  116  8:07  Zergling x8  
  115  8:14  Zergling x8  
  115  8:19  Zergling x2  
  121  8:20  Zergling x10  
  121  8:23  Drone  
  121  8:25  Baneling x6  
  121  8:26  Drone x2  
  127  8:27  Hatchery  
  127  8:33  Zergling x2  
  127  8:34  Zergling x14  
  134  8:37  Pneumatized Carapace  
  118  8:42  Zergling x10  
  117  8:53  Zergling x16  
  116  8:58  Zergling x8  
  116  8:59  Infestation Pit  
  112  9:03  Overseer  
  112  9:06  Drone x4  
  112  9:07  Zergling x12  
  112  9:09  Baneling x7  
  122  9:10  Extractor  
  122  9:11  Zergling x2  
  122  9:14  Zergling x4  
  124  9:17  Baneling x2  
  124  9:18  Overseer, Baneling x8  
  124  9:26  Hatchery  
  124  9:28  Baneling  
  124  9:29  Baneling x3  
  124  9:30  Zergling x24  
  135  9:37  Hive  
  135  9:38  Baneling x8  
  135  9:41  Zergling x2  
  135  9:42  Zergling x10  
  104  9:53  Zergling x16  
  104  9:54  Zergling x2  
  104  9:59  Zergling x10  
  111  10:00  Zergling x2  
  111  10:02  Zergling x8  
  116  10:09  Zergling x14  
  116  10:13  Baneling x5  
  123  10:19  Zergling x2  
  123  10:20  Zergling x10  
  126  10:23  Baneling x14  
  119  10:31  Zergling x2  
  119  10:32  Zergling x14  
  119  10:35  Zergling x4  
Tags
 
Add a new tag
Caveats
  • Supply blocks, unpowered buildings, or Contaminate may cause inaccurate times.
  • Supply counts are checked every 10 seconds.